 Dungeon Crawl Stone Soup version 0.27.1-33-g824d729ab1 (webtiles) character file.

Game seed: 12900994541767952261

128 Atelerd the Digger (level 5, -3/31 HPs)
             Began as an Octopode Earth Elementalist on Dec 23, 2021.
             Killed by divine providence
             ... invoked by an orc priest
              (12 damage)
             ... on level 2 of the Dungeon.
             The game lasted 00:02:27 (2744 turns).

Atelerd the Digger (Octopode Earth Elementalist)    Turns: 2744, Time: 00:02:27

Health: -3/31      AC:  1    Str:  7    XL:     5   Next: 11%
Magic:  5/10       EV: 13    Int: 19    God:
Gold:   140        SH:  0    Dex: 12    Spells: 9/10 levels left

rFire    . . .     SeeInvis .   e - +2 dagger (speed)
rCold    . . .     Faith    .   (no shield)
rNeg     . . .     Spirit   .   (helmet restricted)
rPois    .         Reflect  .   (no amulet)
rElec    .         Harm     .   (no ring)
rCorr    .         Rampage  .   (no ring)
Will     .....                  (no ring)
Stlth    +++.......             (no ring)
HPRegen  0.10/turn              (no ring)
MPRegen  0.12/turn              (no ring)
                                (no ring)
                                (no ring)

@: no status effects
A: almost no armour, amphibious, 8 rings, camouflage 1, gelatinous body 1,
(nimble swimmer 1), tentacles
a: no special abilities


You were on level 2 of the Dungeon.
You visited 1 branch of the dungeon, and saw 2 of its levels.

You collected 140 gold pieces.

Inventory:

Hand Weapons
 c - a +0 dagger
 e - a +2 dagger of speed (weapon)
 i - a +1 short sword of venom
Missiles
 b - 18 stones
Scrolls
 a - a scroll of fear {unknown}
 g - a scroll of identify {unknown}
 h - 2 scrolls of teleportation {unknown}
Potions
 d - a potion of mutation {unknown}
 f - a potion of heal wounds {unknown}
 j - 2 potions of haste {unknown}
 k - a potion of attraction {unknown}


   Skills:
 - Level 2.0 Dodging
 - Level 2.6 Stealth
 + Level 3.3 Spellcasting
 - Level 2.0 Transmutations
 + Level 4.3 Earth Magic


You had 9 spell levels left.
You knew the following spells:

 Your Spells              Type           Power      Damage    Failure   Level
a - Sandblast             Erth           38%        2d10      2%          1

Your spell library contained the following spells:

 Spells                   Type           Power      Damage    Failure   Level
 Passwall                 Tmut/Erth      12%        N/A       6%          2
 Animate Skeleton         Necr           6%         N/A       14%         1
 Apportation              Tloc           6%         N/A       14%         1
 Corona                   Hex            3%         N/A       14%         1
 Summon Small Mammal      Summ           12%        N/A       14%         1
 Stone Arrow              Conj/Erth      22%        3d8       19%         3
 Petrify                  Tmut/Erth      15%        N/A       36%         4
 Gell's Gravitas          Tloc           1%         N/A       41%         3
 Lesser Beckoning         Tloc           1%         N/A       41%         3
 Teleport Other           Tloc           3%         N/A       41%         3


Dungeon Overview and Level Annotations

Branches:
Dungeon (2/15)

Altars:

Shops:
D:1 [


Innate Abilities, Weirdness & Mutations

You cannot wear most types of armour.
You are amphibious.
You can wear up to eight rings at the same time.
Your skin changes colour to match your surroundings (Stealth+).
Your rubbery body absorbs attacks. (AC +1, EV +1)
((You are camouflaged near water. (Stealth+)))
You have tentacles for arms and can constrict up to eight enemies at once.


Message History

You hear a shout!
You can't see any susceptible monsters within range! (Use Z to cast anyway.)
You start resting.
An orc is nearby!
The blast of sand hits the orc!
You kill the orc!
You can't see any susceptible monsters within range! (Use Z to cast anyway.)
You can't see any susceptible monsters within range! (Use Z to cast anyway.)
You start resting.
An orc priest is nearby!
The blast of sand hits the orc priest.
The orc priest is heavily wounded.
The blast of sand hits the orc priest but does no damage.
The orc priest is heavily wounded.
The orc priest calls down the wrath of Beogh upon you.
Beogh smites you!
You hear a shout!
You are too injured to fight recklessly!
You are too injured to fight recklessly!
Casting: Sandblast (safe; 2% risk of failure)
Confirm with . or Enter, or press ? or * to list all spells.
Aiming: Sandblast (safe; 2% risk of failure)
Press: ? - help, Shift-Dir - straight line, f/p - orc priest
Aim: an orc priest, wielding a +0 trident and wearing a +0 ring mail (heavily wounded, 82% to hit)
The blast of sand hits the orc priest.
The orc priest is almost dead.
You hear a shout!
The orc priest hits you from afar with a +0 trident.
* * * LOW HITPOINT WARNING * * *
Unknown command.
Casting: Sandblast (safe; 2% risk of failure)
Confirm with . or Enter, or press ? or * to list all spells.
Aiming: Sandblast (safe; 2% risk of failure)
Press: ? - help, Shift-Dir - straight line, f/p - orc priest
Aim: an orc priest, wielding a +0 trident and wearing a +0 ring mail (almost dead, 82% to hit)
The blast of sand hits the orc priest but does no damage.
The orc priest is almost dead.
The orc priest mumbles some strange prayers to Beogh against you.
Beogh smites you!
You die...

#####...##############..#.######
#.............# #..#.......
#.#.#.......#.####...o......
#.#.#.#...#.#...............
#.#.......#.#######.........
#.#........o)...o.o.........
#.#####...#o#########.......
#.........#.# #.......
########..#@# #.###### ..#..#.#
#.. #.#..#.# ### #.#..#.#
#.#..#.#
#####.#..#.################
#........#.#..)........#...
#.###.##.#.#.#########.#...
#.#........#.# #)#...


You could see an orc priest and an orc.

Vanquished Creatures
  4 gnolls (D:2)
  4 adders (D:2)
  A worm (D:2)
  A dart slug (D:2)
  An orc (D:2)
  2 ball pythons (D:1)
  3 endoplasms
  A giant cockroach (D:1)
  10 goblins
  5 hobgoblins (D:1)
  5 kobolds
  2 quokkas (D:2)
  4 bats (D:1)
  2 frilled lizards
  4 rats
49 creatures vanquished.

Notes
Turn   | Place    | Note
-------+----------+-------------------------------------------
     0 | D:1      | Atelerd the Octopode Earth Elementalist began the quest for
                  | the Orb.
     0 | D:1      | Reached XP level 1. HP: 11/11 MP: 3/3
   239 | D:1      | Reached XP level 2. HP: 17/17 MP: 1/5
   556 | D:1      | Found Jewk's Armour Emporium.
  1156 | D:1      | Reached XP level 3. HP: 21/21 MP: 4/6
  1656 | D:2      | Reached XP level 4. HP: 27/27 MP: 6/8
  1855 | D:2      | Reached skill level 4 in Earth Magic
  2518 | D:2      | Reached XP level 5. HP: 27/31 MP: 6/9
  2744 | D:2      | Killed from afar by an orc priest

Illustrated notes

Levels and vault maps discovered:
D:1:      dpeg_arrival_pits, layout_basic, serial_shops,
          nicolae_shop_statue_plus, hangedman_decor_peaks_small
D:2:      cheibrodos_pilgrimage, layout_basic

Skill      XL: |  1  2  3  4 |
---------------+-------------+-----
Transmutations | 2 |  2.0
Spellcasting   | 3 |  3.3
Earth Magic    | 4 |  4.3
Dodging        | |  2.0
Stealth        | |  2.6

Action                   |  1- 3 |  4- 6 || total
-------------------------+-------+-------++-------
Melee: Constrict         |     5 |     2 ||     7
       Dagger            |     9 |    11 ||    20
       Unarmed           |     2 |       ||     2
       Tentacles         |       |     3 ||     3
 Cast: Sandblast         |    40 |    28 ||    68
Dodge: Dodged            |    11 |    15 ||    26
